 Dungeon Crawl Stone Soup version 0.22.0 (webtiles) character file.

96 Blackhawk the Shield-Bearer (level 4, -2/41 HPs)
             Began as a Gnoll Fighter on Oct 21, 2018.
             Killed by divine providence
             ... invoked by an orc priest
              (16 damage)
             ... on level 3 of the Dungeon.
             The game lasted 00:02:19 (1635 turns).

Blackhawk the Shield-Bearer (Gnoll Fighter)         Turns: 1635, Time: 00:02:19

Health: -2/41      AC:  7    Str: 19    XL:     4   Next: 67%
Magic:  5/5        EV:  8    Int: 11    God:
Gold:   57         SH: 10    Dex: 14    Spells: 5/5 levels left

rFire    . . .     SeeInvis .   a - +0 war axe
rCold    . . .     Gourm    .   c - +0 shield
rNeg     . . .     Faith    .   b - +0 scale mail
rPois    .         Spirit   .   (no helmet)
rElec    .         Reflect  .   (no cloak)
rCorr    .         Harm     .   (no gloves)
MR       .....                  (no boots)
Stlth    ..........             (no amulet)
HPRegen  0.13/turn              (no ring)
MPRegen  0.09/turn              (no ring)

@: no status effects
A: distributed training, fangs 1, strong nose
a: no special abilities


You were on level 3 of the Dungeon.
You were not hungry.

You visited 1 branch of the dungeon, and saw 3 of its levels.

You collected 57 gold pieces.

Inventory:

Hand Weapons
 a - a +0 war axe (weapon)
Missiles
 e - 89 stones (quivered)
 q - 34 sling bullets
Armour
 b - a +0 scale mail (worn)
 c - a +0 shield (worn)
Jewellery
 j - a +2 ring of dexterity {unknown}
Wands
 m - a wand of scattershot (7)
Scrolls
 n - a scroll of teleportation {unknown}
 o - a scroll of identify {unknown}
 p - a scroll of amnesia {unknown}
 r - a scroll of enchant weapon {unknown}
Potions
 d - a potion of might
 h - a potion of agility {unknown}
 i - a potion of curing {unknown}
 k - a potion of degeneration {unknown}
 l - a potion of flight {unknown}
Comestibles
 f - 3 rations
 g - 2 chunks of flesh


   Skills:
 + Level 6.6 Fighting
 + Level 1.2 Short Blades
 + Level 1.2 Long Blades
 + Level 4.6 Axes
 + Level 1.2 Maces & Flails
 + Level 1.2 Polearms
 + Level 1.2 Staves
 + Level 1.2 Slings
 + Level 1.2 Bows
 + Level 1.2 Crossbows
 + Level 1.2 Throwing
 + Level 6.6 Armour
 + Level 1.2 Dodging
 + Level 1.2 Stealth
 + Level 6.6 Shields
 + Level 1.2 Unarmed Combat
 + Level 1.2 Spellcasting
 + Level 1.0 Conjurations
 + Level 1.0 Hexes
 + Level 1.0 Charms
 + Level 1.0 Summonings
 + Level 1.0 Necromancy
 + Level 1.0 Translocations
 + Level 1.0 Transmutations
 + Level 1.0 Fire Magic
 + Level 1.0 Ice Magic
 + Level 1.0 Air Magic
 + Level 1.0 Earth Magic
 + Level 1.0 Poison Magic
 + Level 1.3 Invocations
 + Level 1.2 Evocations


You had 5 spell levels left.
You didn't know any spells.
Your spell library was empty.

Dungeon Overview and Level Annotations

Branches:
Dungeon (3/15)

Altars:
Elyvilon


Innate Abilities, Weirdness & Mutations

Your experience applies equally to all skills.
You have very sharp teeth.
Your uncanny sense of smell can sniff out nearby items.


Message History

You block the orc wizard's attack.
The orc priest calls down the wrath of Beogh upon you.
Pain shoots through your body! The orc barely misses you.
The orc hits you but does no damage.
The orc wizard hits you but does no damage.
You are too injured to fight recklessly!
You are too injured to fight recklessly!
The orc wizard points at you and mumbles some strange words.
The magic dart hits you! You block the orc priest's attack.
The orc barely misses you. The goblin hits you with a club.
* * * LOW HITPOINT WARNING * * *
You block the orc's attack.
The orc wizard casts a spell.
The orc wizard blinks!
The orc wizard gestures wildly while chanting.
The orc wizard blinks!
The orc priest mumbles some strange prayers to Beogh against you.
Beogh smites you!
You die...

#.#.#.########### #
#.#.#............ .
#.#.#.#.#......# #
#.#.#.#.#....#.###
###'#.#.#...........
###.....#....#).#...#
#.......'...........##
#.......#..#......#...
#.......#....@....o...
###.....#....g........
#.....'..#......#...
#.....##............
#.....##...#o.#.....
#.....###...........
#.....# ###.ยง.o+####
#.....# ##.#..#
####### #.##r#######


You could see an orc priest, an orc wizard, an orc and a goblin.

Vanquished Creatures
  3 adders (D:2)
  A shadow imp (D:2)
  2 dart slugs (D:1)
  2 worms
  A leopard gecko (D:2)
  3 orcs (D:3)
  8 bats
  2 giant cockroaches
  2 goblins
  10 hobgoblins
  2 kobolds
  2 quokkas
  7 frilled lizards
  5 rats
50 creatures vanquished.

Notes
Turn   | Place    | Note
-------+----------+-------------------------------------------
     0 | D:1      | Blackhawk the Gnoll Fighter began the quest for the Orb.
     0 | D:1      | Reached XP level 1. HP: 23/23 MP: 1/1
    43 | D:1      | Reached XP level 2. HP: 29/29 MP: 2/2
   267 | D:1      | Reached XP level 3. HP: 35/35 MP: 3/3
   480 | D:2      | Reached skill level 1 in Invocations
   740 | D:2      | Reached skill level 1 in Short Blades
   740 | D:2      | Reached skill level 1 in Long Blades
   740 | D:2      | Reached skill level 1 in Maces & Flails
   740 | D:2      | Reached skill level 1 in Polearms
   740 | D:2      | Reached skill level 1 in Staves
   740 | D:2      | Reached skill level 1 in Slings
   740 | D:2      | Reached skill level 1 in Bows
   740 | D:2      | Reached skill level 1 in Crossbows
   740 | D:2      | Reached skill level 1 in Throwing
   740 | D:2      | Reached skill level 1 in Dodging
   740 | D:2      | Reached skill level 1 in Stealth
   740 | D:2      | Reached skill level 1 in Unarmed Combat
   740 | D:2      | Reached skill level 1 in Spellcasting
   740 | D:2      | Reached skill level 1 in Evocations
   740 | D:2      | Reached XP level 4. HP: 40/41 MP: 5/5
  1290 | D:2      | Found a white marble altar of Elyvilon.
  1616 | D:3      | Reached skill level 1 in Conjurations
  1616 | D:3      | Reached skill level 1 in Hexes
  1616 | D:3      | Reached skill level 1 in Charms
  1616 | D:3      | Reached skill level 1 in Summonings
  1616 | D:3      | Reached skill level 1 in Necromancy
  1616 | D:3      | Reached skill level 1 in Translocations
  1616 | D:3      | Reached skill level 1 in Transmutations
  1616 | D:3      | Reached skill level 1 in Fire Magic
  1616 | D:3      | Reached skill level 1 in Ice Magic
  1616 | D:3      | Reached skill level 1 in Air Magic
  1616 | D:3      | Reached skill level 1 in Earth Magic
  1616 | D:3      | Reached skill level 1 in Poison Magic
  1635 | D:3      | Killed from afar by an orc priest

Skill      XL: |  1  2  3  4 |
---------------+-------------+-----
Invocations    | 1 |  1.3
Short Blades   | 1 |  1.2
Long Blades    | 1 |  1.2
Maces & Flails | 1 |  1.2
Polearms       | 1 |  1.2
Staves         | 1 |  1.2
Slings         | 1 |  1.2
Bows           | 1 |  1.2
Crossbows      | 1 |  1.2
Throwing       | 1 |  1.2
Dodging        | 1 |  1.2
Stealth        | 1 |  1.2
Unarmed Combat | 1 |  1.2
Spellcasting   | 1 |  1.2
Evocations     | 1 |  1.2
Conjurations   | 1 |  1.0
Hexes          | 1 |  1.0
Charms         | 1 |  1.0
Summonings     | 1 |  1.0
Necromancy     | 1 |  1.0
Translocations | 1 |  1.0
Transmutations | 1 |  1.0
Fire Magic     | 1 |  1.0
Ice Magic      | 1 |  1.0
Air Magic      | 1 |  1.0
Earth Magic    | 1 |  1.0
Poison Magic   | 1 |  1.0
Fighting       | |  6.6
Axes           | |  4.6
Armour         | |  6.6
Shields        | |  6.6

Action                   |  1- 3 |  4- 6 || total
-------------------------+-------+-------++-------
Melee: War axe           |    71 |    48 ||   119
       Bite              |    11 |     5 ||    16
  Eat: Chunk             |       |     2 ||     2
Armor: Scale mail        |    33 |    19 ||    52
Dodge: Dodged            |    21 |    10 ||    31
Block: Shield            |    44 |    30 ||    74
